 Dungeon Crawl Stone Soup version 0.24.1-14-gf8d2b509d9 (webtiles) character file.

Game seed: 5946536990727654984, levelgen mode: deterministic

22 mortelune the Ruffian (level 2, -3/25 HPs)
             Began as a Naga Transmuter on May 21, 2020.
             Slain by a gnoll (5 damage)
             ... on level 1 of the Dungeon.
             The game lasted 00:01:38 (1549 turns).

mortelune the Ruffian (Naga Transmuter)             Turns: 1549, Time: 00:01:38

Health: -3/25      AC:  1    Str: 12    XL:     2   Next: 91%
Magic:  1/5        EV: 10    Int: 13    God:
Gold:   44         SH:  0    Dex: 11    Spells: 2/5 levels left

rFire    . . .     SeeInvis +     - Unarmed
rCold    . . .     Gourm    .   (no shield)
rNeg     . . .     Faith    .   b - +0 robe
rPois    +         Spirit   .   (no helmet)
rElec    .         Reflect  .   (no cloak)
rCorr    .         Harm     .   (no gloves)
MR       .....                  (no barding)
Stlth    +.........             (no amulet)
HPRegen  0.08/turn              (no ring)
MPRegen  0.09/turn              (no ring)

@: short of breath, very slightly contaminated, very slow
A: large, see invisible, deformed body, poison resistance, slowness 2, slow
metabolism 1, spit poison 1, AC +0
a: Spit Poison


You were on level 1 of the Dungeon.
You were not hungry.

You visited 1 branch of the dungeon, and saw 2 of its levels.

You collected 44 gold pieces.

Inventory:

Missiles
 g - 34 arrows
 Q - 88 stones (quivered)
Armour
 b - a +0 robe (worn)
Scrolls
 a - a scroll of enchant armour {unknown}
 c - a scroll of identify {unknown}
 f - a scroll of fear {unknown}
Potions
 e - a potion of degeneration {unknown}
 h - a potion of haste {unknown}
 i - a potion of agility {unknown}
 j - a potion of mutation {unknown}
Comestibles
 d - a ration


   Skills:
 + Level 1.4 Fighting
 - Level 1.5 Dodging
 + Level 3.2 Unarmed Combat
 + Level 2.2 Spellcasting
 * Level 2.5 Transmutations


You had 2 spell levels left.
You knew the following spells:

 Your Spells              Type           Power        Failure   Level  Hunger
a - Beastly Appendage     Tmut           #.....       9%          1    ##.....
b - Sticks to Snakes      Tmut           #.......     13%         2    ###....

Your spell library contained the following spells:

 Spells                   Type           Power        Failure   Level  Hunger
 Spider Form              Tmut/Pois      #.........   41%         3    ####...
 Ice Form                 Ice/Tmut       #.......     82%         4    #####..
 Blade Hands              Tmut           #.........   94%         5    ######.


Dungeon Overview and Level Annotations

Branches:
Dungeon (2/15)

Altars:
Ashenzari


Innate Abilities, Weirdness & Mutations

You cannot wear boots.
Your serpentine skin is tough. (AC +0)
You have supernaturally acute eyesight. (SInv)
Armour fits poorly on your strangely shaped body.
Your system is resistant to poisons. (rPois)
You cover ground very slowly.
You have a slow metabolism.
You can spit poison.


Message History

* * * LOW HITPOINT WARNING * * *
The gnoll barely misses you.
You climb upwards.
There is a stone staircase leading down here.
Casting: Sticks to Snakes (safe; 13% risk of failure)
Confirm with . or Enter, or press ? or * to list all spells.
You create a snake!
You now have 34 arrows.
The kobold hits you with a +0 short sword.
* * * LOW HITPOINT WARNING * * *
The gnoll barely misses you.
Press: ? - help, Shift-Dir - straight line, f - gnoll
Aim: a gnoll The splash of poison hits the gnoll.
The gnoll is poisoned.
The gnoll is heavily wounded.
You feel slightly more hungry. The kobold closely misses you.
The gnoll barely misses you.
Your ball python bites the kobold but does no damage.
Your ball python barely misses the kobold.
The kobold closely misses you. The gnoll hits you.
You die...

.........#.#.#
#.........#......
..#.#.##.#.#.#
#.####...##......
....#.##.#.#.# #.#
#.....#...... ..###.##.#.#.##
#.# #.....#...... ..#
#.##.#.#..# #.# #.....#......
..#
#.##.#.##.###.#########......
..###....#.......S..# #......
.......#######.##K#.# #......
...#...##.......@>#.# #......
##.#.#.#..####..g##.###
#...... .#.#.#.#.##
##.......# #......
..........# #####.#.# #......
.#.#.#.#.## #.#.# ####.##
........>.# #.#.# #.#
.#.#.#.#.## #.#.# #.#
..........# #.#.########.#
.#.#.#.#.### #.#..........#


You could see a gnoll, a kobold and a friendly ball python.

Vanquished Creatures
  A gnoll (D:2)
  An ooze (D:1)
  A dart slug (D:1)
  A hobgoblin (D:1)
  A frilled lizard (D:1)
  5 rats
10 creatures vanquished.

Notes
Turn   | Place    | Note
-------+----------+-------------------------------------------
     0 | D:1      | mortelune the Naga Transmuter began the quest for the Orb.
     0 | D:1      | Reached XP level 1. HP: 18/18 MP: 3/3
   540 | D:1      | Reached XP level 2. HP: 8/25 MP: 3/5
   544 | D:1      | Learned a level 2 spell: Sticks to Snakes
  1515 | D:2      | Found a shattered altar of Ashenzari.
  1549 | D:1      | Slain by a gnoll

Levels and vault maps discovered:
D:1:      beargit_arrival_greenhouse, layout_basic, st_stairs_10
D:2:      minmay_roachtagon, layout_basic, lemuel_crystal_altar,
          nicolae_overflow_crystal_walls, overflow_temple_1_default

Action                   || total
-------------------------++-------
Melee: Unarmed           ||    35
 Cast: Beastly Appendage ||     1
       Sticks to Snakes  ||     1
 Abil: Spit Poison       ||     2
  Eat: Chunk             ||     1
Dodge: Dodged            ||    26
